cohdb
Replays
Latest Replays
All Replays
Popular Replays
Top Player Replays
Match Explorer
How It Works
Community
CoH3 Stats
Reddit
Sign in to upload your games and track your stats! →
Sign in with Steam
Match 43778937
Unlisted
Match 43778937
Overview
Messages
Build Orders
End
Engineer Squad
Construct Barracks
Selects Advanced Infantry Battlegroup
Riflemen Squad
Riflemen Squad
Selects Convert to Ranger Squad
Construct Medical Station
Construct Medical Station
Mechanized Support Center
Convert to Ranger Squad
Selects Frontline Medical Station
Frontline Medical Station
Convert to Ranger Squad
Frontline Medical Station
Selects Infantry Assault
Selects Artillery Observers
Selects Artillery Observers
Solomon Raz
DarkLord
juve1975
Hoze
Black Dynamite
iudex_et_carnifex
Blue Semtex
Freak_sev
0
0
Comments
sign in to comment!
No comments posted yet!